 Dungeon Crawl Stone Soup version 0.30.1-3-gfc49f6343a (webtiles) character file.

Game seed: 11465281481861100073

17859 Andi the Basher (level 12, -4/106 HPs)
             Began as a Minotaur Fighter on Aug 4, 2023.
             Was the Champion of Cheibriados.
             Slain by a death yak (13 damage)
             ... on level 2 of the Lair of Beasts on Aug 5, 2023.
             The game lasted 02:01:47 (12330 turns).

Andi the Basher (Minotaur Fighter)                 Turns: 12330, Time: 02:01:47

Health: -4/106     AC: 18    Str: 41    XL:     12   Next: 22%
Magic:  13/13      EV: 26    Int: 20    God:    Cheibriados [******]
Gold:   518        SH:  8    Dex: 25    Spells: 11/14 levels left

rFire   + . .        u - +4 mace (flame)
rCold   . . .        c - +0 buckler
rNeg    . . .        R - +5 scale mail {rF+}
rPois   .            (helmet restricted)
rElec   .            I - +0 cloak
rCorr   .            S - +0 pair of gloves
SInv    .            y - +0 pair of boots
Will    .....        w - amulet of faith
Stlth   ++           M - +5 ring of evasion
HPRegen 0.37/turn    z - +5 ring of evasion
MPRegen 0.13/turn

%: faith
@: very slow
A: horns 2, retaliatory headbutt
a: Renounce Religion, Bend Time, Temporal Distortion, Slouch, Step From Time


You were on level 2 of the Lair of Beasts.
You worshipped Cheibriados.
Cheibriados was exalted by your worship.
You visited 3 branches of the dungeon, and saw 14 of its levels.

You collected 584 gold pieces.
You spent 66 gold pieces at shops.

Inventory:

Hand Weapons
 u - a +4 mace of flaming (weapon)
 B - a +1 battleaxe of electrocution
 E - a +2 whip of venom
 G - a +3 flail
Missiles
 g - 88 stones
 D - a throwing net
Armour
 b - a +0 pair of boots
 c - a +0 buckler (worn)
 n - an orb of light
 o - a +0 helmet
 q - a +1 chain mail of cold resistance
 r - a +1 leather armour of poison resistance
 t - a +0 helmet
 y - a +0 pair of boots (worn)
 I - a +0 cloak (worn)
 Q - a +0 plate armour
 R - a +5 scale mail of fire resistance (worn)
 S - a +0 pair of gloves (worn)
Magical Staves
 h - a staff of cold
Jewellery
 e - a +4 ring of protection
 f - a ring of fire
 i - a ring of protection from cold
 w - an amulet of faith (around neck)
 z - a +5 ring of evasion (right hand)
 A - a ring of protection from cold
 F - a ring of flight
 L - an amulet of the acrobat
 M - a +5 ring of evasion (left hand)
 N - a ring of wizardry
 V - the ring of Fyxkywaf {rPois rC- rCorr Slay+4 SInv}
   (You found it on level 5 of the Dungeon)

   [ring of slaying]

   Slay:      It affects your accuracy & damage with ranged weapons and melee
   (+4).
   rC:        It makes you vulnerable to cold.
   rPois:     It protects you from poison.
   SInv:      It lets you see invisible.
   rCorr:     It protects you from acid and corrosion.
Wands
 m - a wand of digging (5)
 J - a wand of paralysis (1)
 K - a wand of iceblast (1)
 P - a wand of flame (22)
 Y - a wand of acid (8)
Scrolls
 l - 3 scrolls of teleportation
 H - a scroll of identify
 T - a scroll of magic mapping
 X - 2 scrolls of immolation
Potions
 a - 2 potions of mutation {unknown}
 j - 2 potions of cancellation
 k - 2 potions of magic
 s - a potion of brilliance
 v - a potion of resistance
 x - a potion of berserk rage
 C - 2 potions of lignification
 O - a potion of attraction
 W - a potion of invisibility {unknown}
Miscellaneous
 d - a lightning rod (4/4)
 p - a phial of floods (inert)


   Skills:
 + Level 10.2 Fighting
 + Level 4.3(9.7) Axes
 + Level 13.3(13.6) Maces & Flails
 + Level 11.5 Armour
 + Level 6.0 Dodging
 + Level 3.2 Stealth
 + Level 10.1 Shields
 + Level 1.7 Spellcasting
 + Level 1.0 Conjurations
 + Level 1.5 Summonings
 + Level 0.4 Invocations
 + Level 1.6 Evocations


You had 11 spell levels left.
You knew the following spells:

 Your Spells              Type           Power      Damage    Failure   Level
a - Call Imp              Summ           14%        N/A       22%         2
b - Magic Dart            Conj           20%        1d4       19%         1

Your spell library contained the following spells:

 Spells                   Type           Power      Damage    Failure   Level
 Cigotuvi's Dreadful Rot  Necr/Pois/Air  2%         N/A       38%         2
 Lesser Beckoning         Tloc           2%         N/A       38%         2
 Mephitic Cloud           Conj/Pois/Air  3%         N/A       56%         3
 Gell's Gravitas          Tloc           1%         N/A       63%         3
 Teleport Other           Tloc           1%         N/A       63%         3
 Blade Hands              Tmut           0%         N/A       100%        5


Dungeon Overview and Level Annotations

Branches:
Dungeon (10/15)            Temple (1/1) D:4            Lair (3/5) D:10
  Snake (0/4) Lair:3          Orc (0/2) D:10
  Swamp: Lair:2-3    Shoals: Lair:2-3

Altars:
Ashenzari
Cheibriados
Dithmenos
Elyvilon
Fedhas
Gozag
Hepliaklqana
Kikubaaqudgha
Makhleb
Nemelex Xobeh
Okawaru
Qazlal
Ru
Sif Muna
Trog
Uskayaw
Vehumet
Wu Jian
Xom
Yredelemnul
Zin
The Shining One

Shops:
D:4 :[*(   D:5 *


Innate Abilities, Weirdness & Mutations

You have a pair of horns on your head.
You reflexively headbutt those who attack you in melee.


Message History

You headbutt the death yak. The death yak completely misses you.
You furiously retaliate!
You headbutt the death yak! You barely miss the death yak.
The death yak is moderately wounded.
The death yak gores you! You block the death yak's attack.
You sock the death yak! You burn the death yak.
The death yak is heavily wounded.
You hit the death yak. You burn the death yak. You headbutt the death yak!
The death yak is almost dead.
The death yak gores you but does no damage.
The death yak gores you.
You thump the death yak! You burn the death yak.
The death yak is almost dead.
The death yak gores you! The death yak gores you!!
* * * LOW HITPOINT WARNING * * *
You thump the death yak! You burn the death yak.
You kill the death yak!
Cheibriados thoroughly appreciates the change of pace.
The death yak barely misses you. You furiously retaliate!
You headbutt the death yak.
Your Dodging skill increases to level 6!
Aiming: Paralyse
Press: ? - help, Q - select action, (/) - cycle Shift-Dir - straight line, f - death yak
Aim: a death yak (heavily wounded, chance to affect: 2%)
The death yak resists with almost no effort.
The death yak closely misses you. The death yak completely misses you.
You hit the death yak. You burn the death yak.
The death yak is lightly wounded.
You barely miss the death yak.
The death yak is lightly wounded.
The death yak gores you.
* * * LOW HITPOINT WARNING * * *
The death yak gores you.
* * * LOW HITPOINT WARNING * * *
You hit the death yak. You burn the death yak. You headbutt the death yak!
The death yak is moderately wounded.
The death yak gores you!
* * * LOW HITPOINT WARNING * * *
The death yak gores you!
You die...

.....#.##..........!#
#...........P.......#
#.####P.#....###.#..##
..# ###.##...##.....#
[## ######.......## .#
##.....## ## ##.#### #
#YY# ##@# #...# #
##..# # #..# ### ##..
..## #.# ..<### .#
.....# #. .....#


You could see 2 death yaks.

Vanquished Creatures
  A hydra (Lair:2)
  3 two-headed ogres
  3 death yaks (Lair:2)
  2 deep elf pyromancers (D:9)
  A cyclops (D:10)
  3 black mambas (Lair:3)
  An orange demon (D:9)
  2 cane toads (Lair:1)
  2 unseen horrors (D:10)
  5 komodo dragons
  A polar bear (Lair:2)
  Grinder (D:3)
  A vampire (D:10)
  2 shadows (D:10)
  A wyvern (Lair:3)
  Grum (D:10)
  13 yaks
  A steam dragon (D:7)
  A basilisk (D:9)
  15 water moccasins
  3 ice beasts
  5 orc warriors
  A black bear (D:8)
  2 sky beasts
  The ghost of Sensen the Changer, an amateur DrTm (D:4)
  3 ogres
  2 wolves
  6 centaurs
  A phantom (D:6)
  Blork the orc (D:4)
  A gnoll sergeant (D:9)
  2 kobold brigands
  7 bullfrogs
  2 scorpions (D:6)
  A howler monkey (D:9)
  An electric eel (D:7)
  Crazy Yiuf (D:3)
  4 hounds (D:5)
  3 jellies (D:5)
  3 orc priests
  Natasha (thrice) (D:3)
  2 gnoll boudas
  3 iguanas
  2 sleepcaps
  Jessica (D:2)
  Terence (D:3)
  5 orc wizards
  A mummy (D:4)
  Robin (D:2)
  11 gnolls
  4 adders
  3 shadow imps
  2 white imps
  An ufetubus (D:4)
  A dart slug (D:5)
  22 orcs
  9 ball pythons
  3 bats (D:2)
  4 endoplasms
  6 giant cockroaches
  11 goblins
  8 hobgoblins
  18 kobolds
  3 quokkas
  3 frilled lizards
  8 rats
246 creatures vanquished.

Vanquished Creatures (others)
  2 orc wizards (D:9)
2 creatures vanquished.

Grand Total: 248 creatures vanquished

Notes
Turn   | Place    | Note
-------+----------+-------------------------------------------
     0 | D:1      | Andi the Minotaur Fighter began the quest for the Orb.
     0 | D:1      | Reached XP level 1. HP: 19/19 MP: 0/0
   995 | D:1      | Reached XP level 2. HP: 27/27 MP: 1/1
  1760 | D:2      | Found a snail-covered altar of Cheibriados.
  1767 | D:2      | Became a worshipper of Cheibriados the Contemplative
  2143 | D:2      | Noticed Jessica
  2146 | D:2      | Killed Jessica
  2147 | D:2      | Reached XP level 3. HP: 34/34 MP: 2/2
  2156 | D:2      | Reached * piety under Cheibriados
  2235 | D:2      | Noticed Robin
  2256 | D:2      | Killed Robin
  2257 | D:2      | Reached XP level 4. HP: 34/41 MP: 3/3
  2941 | D:3      | Found a glowing golden altar of the Shining One.
  3019 | D:3      | Reached skill level 5 in Armour
  3123 | D:3      | Noticed Grinder
  3129 | D:3      | Paralysed by Grinder for 4 turns
  3133 | D:3      | Reached ** piety under Cheibriados
  3144 | D:3      | Paralysed by Grinder for 2 turns
  3187 | D:3      | Paralysed by Grinder for 3 turns
  3216 | D:3      | Paralysed by Grinder for 3 turns
  3220 | D:3      | Paralysed by Grinder for 3 turns
  3230 | D:3      | Killed Grinder
  3231 | D:3      | Reached skill level 2 in Maces & Flails
  3231 | D:3      | Reached skill level 1 in Dodging
  3231 | D:3      | Reached skill level 1 in Stealth
  3231 | D:3      | Reached XP level 5. HP: 33/47 MP: 4/4
  3231 | D:3      | Reached XP level 6. HP: 39/55 MP: 5/5
  3362 | D:3      | Noticed Natasha
  3363 | D:3      | Noticed Terence
  3370 | D:3      | Killed Terence
  3371 | D:3      | Killed Natasha
  3553 | D:3      | Noticed Natasha
  3565 | D:3      | Killed Natasha
  3566 | D:3      | Reached skill level 3 in Maces & Flails
  3612 | D:3      | Noticed Natasha
  3628 | D:3      | Killed Natasha
  3797 | D:3      | Found a runed translucent door.
  3798 | D:3      | Noticed Crazy Yiuf
  3809 | D:3      | Killed Crazy Yiuf
  3810 | D:3      | Reached XP level 7. HP: 35/60 MP: 1/6
  3886 | D:3      | Found an ancient bone altar of Kikubaaqudgha.
  4016 | D:4      | Found Biovu's General Store.
  4025 | D:4      | Bought a potion of curing for 33 gold pieces
  4025 | D:4      | Bought a potion of curing for 33 gold pieces
  4032 | D:4      | Found a staircase to the Ecumenical Temple.
  4052 | Temple   | Entered the Ecumenical Temple
  4134 | D:4      | Found a sand-covered staircase.
  4159 | D:4      | Found Qist's Antique Weapon Emporium.
  4204 | D:4      | Noticed Blork the orc
  4212 | D:4      | Killed Blork the orc
  4326 | D:4      | Reached *** piety under Cheibriados
  4327 | D:4      | Reached skill level 4 in Maces & Flails
  4415 | D:4      | Found Bageu's Book Shop.
  4531 | D:4      | Found Feumip's Antique Armour Shoppe.
  4553 | D:4      | Found a runed translucent gate.
  4553 | D:4      | Found a runed translucent gate.
  4553 | D:4      | Found a runed translucent gate.
  4560 | D:4      | Reached skill level 5 in Fighting
  4562 | D:4      | Noticed Sensen's ghost (amateur DrTm)
  4603 | D:4      | Killed Sensen's ghost
  4947 | D:5      | Entered Level 5 of the Dungeon
  5001 | D:5      | Reached skill level 5 in Shields
  5108 | D:5      | Found a shadowy altar of Dithmenos.
  5144 | D:5      | Reached skill level 5 in Maces & Flails
  5210 | D:5      | Reached XP level 8. HP: 69/69 MP: 7/7
  5281 | D:5      | Identified the ring of Fyxkywaf {rPois rC- rCorr Slay+4
                  | SInv}
  5291 | D:5      | Found an opulent altar of Gozag.
  5291 | D:5      | Found an ornate altar of the Wu Jian Council.
  5291 | D:5      | Found a stormy altar of Qazlal.
  5324 | D:5      | Reached skill level 6 in Maces & Flails
  5504 | D:5      | Found a sacrificial altar of Ru.
  5527 | D:5      | Found a shimmering blue altar of Sif Muna.
  5564 | D:5      | Reached **** piety under Cheibriados
  5607 | D:5      | Learned a level 2 spell: Call Imp
  5730 | D:5      | Found Xupnenou's General Store.
  5767 | D:6      | Reached skill level 7 in Maces & Flails
  5829 | D:6      | Learned a level 1 spell: Magic Dart
  6211 | D:6      | Reached XP level 9. HP: 75/75 MP: 8/8
  6446 | D:7      | Found a radiant altar of Vehumet.
  6526 | D:7      | Reached skill level 8 in Maces & Flails
  6561 | D:7      | Found a hide-covered altar of Uskayaw.
  6769 | D:7      | Reached skill level 1 in Spellcasting
  6872 | D:7      | Reached ***** piety under Cheibriados
  7113 | D:8      | Reached skill level 1 in Summonings
  7595 | D:8      | Noticed a two-headed ogre
  7601 | D:8      | Killed a two-headed ogre
  7602 | D:8      | Reached skill level 9 in Maces & Flails
  7979 | D:9      | Noticed Grum
  7980 | D:9      | Noticed a two-headed ogre
  7987 | D:9      | Killed a two-headed ogre
  7988 | D:9      | Reached XP level 10. HP: 72/86 MP: 9/11
  8019 | D:9      | Noticed Amaemon
  8019 | D:9      | Noticed an orange demon
  8203 | D:9      | Found a flagged portal.
  8420 | D:9      | Reached skill level 10 in Maces & Flails
  8420 | D:9      | Reached skill level 10 in Armour
  8594 | D:9      | Found a runed translucent door.
  8594 | D:9      | Noticed a deep elf pyromancer
  8601 | D:9      | Killed a deep elf pyromancer
  8797 | D:9      | Noticed a deep elf pyromancer
  8805 | D:9      | Killed a deep elf pyromancer
  8806 | D:9      | Reached skill level 11 in Maces & Flails
  8824 | D:9      | Noticed an ice dragon
  8825 | D:9      | Noticed a manticore
  9116 | D:9      | Killed an orange demon
  9838 | D:10     | Entered Level 10 of the Dungeon
  9878 | D:10     | Noticed a two-headed ogre
  9890 | D:10     | Killed a two-headed ogre
  9936 | D:10     | Found a hazy altar of Hepliaklqana.
  9937 | D:10     | Found a staircase to the Lair.
  9964 | D:10     | Killed Grum
  9965 | D:10     | Reached XP level 11. HP: 89/95 MP: 12/12
  9983 | D:10     | Found a broken altar of Ashenzari.
 10130 | D:10     | Reached skill level 1 in Conjurations
 10153 | D:10     | Got the Notes on Changing Weather
 10203 | D:10     | Reached ****** piety under Cheibriados
 10245 | D:10     | Paralysed by a kobold brigand for 3 turns
 10263 | D:10     | Reached skill level 12 in Maces & Flails
 10378 | D:10     | Found a staircase to the Orcish Mines.
 10550 | Lair:1   | Entered Level 1 of the Lair of Beasts
 11102 | Lair:1   | Reached skill level 5 in Dodging
 11261 | Lair:1   | You fall into a shaft and drop 1 floor!
 11329 | Lair:2   | Noticed a six-headed hydra
 11336 | Lair:2   | Killed a six-headed hydra
 11342 | Lair:2   | Reached skill level 1 in Evocations
 11414 | Lair:3   | Noticed a six-headed hydra
 11424 | Lair:3   | Found a staircase to the Snake Pit.
 11694 | Lair:3   | Noticed a skyshark
 11699 | Lair:3   | Reached skill level 13 in Maces & Flails
 12158 | Lair:2   | Reached XP level 12. HP: 106/106 MP: 13/13
 12205 | Lair:2   | Reached skill level 10 in Fighting
 12282 | Lair:2   | Noticed a death yak
 12291 | Lair:2   | Noticed a death yak
 12291 | Lair:2   | Noticed a death yak
 12291 | Lair:2   | Noticed a death yak
 12296 | Lair:2   | Noticed a death yak
 12306 | Lair:2   | Killed a death yak
 12318 | Lair:2   | Killed a death yak
 12319 | Lair:2   | Reached skill level 10 in Shields
 12326 | Lair:2   | Killed a death yak
 12330 | Lair:2   | Slain by a death yak

Illustrated notes

Levels and vault maps discovered:
D:1:      minmay_arrival_cross, layout_loops_corners
D:2:      layout_basic, basic_altar, uniq_jessica, uniq_robin
D:3:      layout_basic, lemuel_doored_altar, kiku_gazebo_pond_becter,
          serial_forest, infiniplex_forest_corner_1,
          infiniplex_forest_straight_2, infiniplex_forest_clump_C,
          infiniplex_forest_zigzag_1, infiniplex_forest_clump_diagonal,
          infiniplex_forest_lined_corner, infiniplex_forest_clump_double,
          uniq_natasha, uniq_crazy_yiuf_cottage, uniq_terence, uniq_grinder
D:4:      layout_loops_cross, minmay_temple_entry_glassed_door, serial_shops,
          shop, shop, nicolae_book_shop_shelving, shop,
          gup_ossuary_entry_pyramid, ebering_ghost_rock_garden, corner_web_ring,
          uniq_blork_the_orc
D:5:      cheibrodos_helix_gallery, layout_basic, mainiacjoe_overflow_alcove_2,
          grunt_temple_overflow_open, mainiacjoe_overflow_catwalk_spiral,
          serial_shops, nicolae_take_the_stairs, grunt_ministairs_1,
          solitary_fountain, grunt_decor_arrowhead
D:6:      layout_rooms, grunt_decor_resistance
D:7:      layout_loops_ring, nicolae_vehumet_altar_sigil,
          nicolae_uskayaw_suspiria, kennysheep_small_spiral
D:8:      layout_basic, serial_glass, glass_columns_c, glass_columns_c
D:9:      layout_rooms, enter_bailey_1, grunt_ministairs_9, minmay_holes,
          minivault_13, uniq_amaemon, uniq_grum
D:10:     layout_cave_pools, lemuel_crystal_altar, nicolae_ashenzari_skybound,
          lair_entry_dummy, orc_0_dummy, grunt_potential
Temple:   hellmonk_temple_micro_hex
Lair:1:   layout_regular_city, serial_bayou_ford_a
Lair:2:   layout_cave_pods, enter_volcano_3
Lair:3:   layout_misc_corridors, nicolae_swamp_entry_splash_gauntlet,
          minmay_snake_entry_six_corridors, nzn_sisyphean_effort

Skill      XL: |  1  2  3  4  5  6  7  8  9 10 11 12 |
---------------+-------------------------------------+-----
Fighting       | 4 5 6 7 8 9 10 | 10.2
Axes           | 3 4 |  4.3
Armour         | 4 5 6 7 8 9 10 11 | 11.5
Shields        | 4 5 6 7 9 10 | 10.1
Maces & Flails | 2 3 5 7 9 11 13 | 13.3
Dodging        | 1 2 3 4 5 6 |  6.0
Stealth        | 1 2 3 |  3.2
Spellcasting   | 1 |  1.7
Summonings     | 1 |  1.5
Conjurations   | 1 |  1.0
Evocations     | 1 |  1.6
Invocations    | |  0.4

Action                     |  1- 3 |  4- 6 |  7- 9 | 10-12 || total
---------------------------+-------+-------+-------+-------++-------
  Melee: War axe           |    45 |    12 |       |       ||    57
         Headbutt          |     6 |    28 |    57 |    91 ||   182
         Mace              |       |   111 |   203 |   330 ||   644
         Flail             |       |       |       |    27 ||    27
  Throw: Stone             |     1 |       |       |       ||     1
   Cast: Call Imp          |       |       |     1 |       ||     1
         Magic Dart        |       |       |     2 |     3 ||     5
 Invoke: Bend Time         |       |       |     1 |       ||     1
  Evoke: Wand              |       |       |       |     4 ||     4
         Phial of floods   |       |       |       |     1 ||     1
    Use: Potion            |       |     1 |     1 |    11 ||    13
         Scroll            |       |     4 |    17 |    19 ||    40
 Armour: Scale mail        |    17 |    48 |    61 |   154 ||   280
  Dodge: Dodged            |    24 |    84 |   168 |   363 ||   639
  Block: Buckler           |    17 |    33 |    51 |   154 ||   255
